 Dungeon Crawl Stone Soup version 0.20-a0-351-gc9b4002 (webtiles) character file.

74 HAL9000 the Vexing (level 4, -2/21 HPs)
             Began as a Vine Stalker Enchanter on Dec 26, 2016.
             Killed by divine providence
             ... invoked by an orc priest
              (11 damage)
             ... on level 3 of the Dungeon.
             The game lasted 00:04:55 (1854 turns).

HAL9000 the Vexing (Vine Stalker Enchanter)         Turns: 1854, Time: 00:04:55

Health: -2/21      AC:  3    Str: 11    XL:     4   Next: 28%
Magic:  0/8        EV: 11    Int: 16    God:
Gold:   134        SH:  0    Dex: 14    Spells: 1/7 levels left

rFire  . . .     SeeInvis .     l - +0 dagger (drain)
rCold  . . .     Gourm    .     b - +1 robe
rNeg   . . .     Faith    .     (no shield)
rPois  .         Spirit   +     (no helmet)
rElec  .         Reflect  .     (no cloak)
rCorr  .         Harm     .     (no gloves)
MR     .....                    (no boots)
Stlth  ++........               (no amulet)
                                (no ring)
                                (no ring)

@: heavily drained
A: fangs 2, regeneration 1, magic shield, antimagic bite, no device heal 3, rot
immunity
a: no special abilities


You were on level 3 of the Dungeon.
You were not hungry.

You visited 1 branch of the dungeon, and saw 3 of its levels.

You collected 134 gold pieces.

Inventory:

Hand Weapons
 l - a +0 dagger of draining (weapon)
Armour
 b - a +1 robe (worn)
Jewellery
 h - an uncursed amulet of harm
 w - a cursed -2 ring of protection {unknown}
Wands
 p - a wand of paralysis (21/24)
Scrolls
 g - 4 scrolls of teleportation {unknown}
 o - a scroll of remove curse {unknown}
 r - a scroll of noise {unknown}
 u - a scroll of identify {unknown}
 y - a scroll of immolation {unknown}
Potions
 e - a potion of lignification
 f - a potion of ambrosia {unknown}
 k - a potion of curing {unknown}
 n - 2 potions of haste {unknown}
 q - a potion of cancellation {unknown}
 s - a potion of mutation {unknown}
 x - a potion of degeneration {unknown}
Books
 c - a book of Maledictions

   Spells                             Type                      Level
   a - Corona                         Hexes                        1
   b - Ensorcelled Hibernation        Hexes/Ice                    2
   c - Confuse                        Hexes                        3
   d - Tukima's Dance                 Hexes                        3
   e - Dazzling Spray                 Conjuration/Hexes            3
Comestibles
 d - 3 bread rations
 i - a slice of pizza
 v - 3 fruits


   Skills:
 + Level 2.5(0.9) Short Blades
 - Level 1.5(0.0) Dodging
 - Level 3.6(2.0) Stealth
 - Level 2.1(0.6) Spellcasting
 * Level 4.1(2.4) Hexes


You had one spell level left.
You knew the following spells:

 Your Spells              Type           Power        Failure   Level  Hunger
a - Corona                Hex            #......      10%         1    ##.....
x - Confuse               Hex            #.......     28%         3    ####...
z - Ensorcelled Hibernat  Hex/Ice        #.....       24%         2    ###....


Dungeon Overview and Level Annotations

Branches:
Dungeon (3/15)

Altars:
Hepliaklqana
Xom


Innate Abilities, Weirdness & Mutations

You have extremely sharp teeth.
Your natural rate of healing is unusually fast.
When hurt, damage is shared between your health and your magic reserves.
Your bite disrupts and absorbs the magic of your enemies.
Potions cannot restore your health.
You are immune to rotting.


Message History

Found 24 arrows. 2 orcs and an orc priest come into view.
The orc closely misses you.
A bat comes into view.
You hit the orc. You drain the orc! Your bite misses the orc.
The orc is almost dead.
The orc priest looks satisfied for a moment.
The orc hits you but does no damage.
Unknown command.
The orc wizard hits you with a dagger. The bat hits you.
The orc priest mumbles some strange prayers to Beogh against you.
Beogh smites you!
There is an open door here.
The bat hits you but does no damage. The bat closely misses you.
The bat barely misses you.
The orc priest mumbles some strange prayers to Beogh against you.
Beogh smites you!
Ouch! That really hurt!
You die...

#.#.............(.
#.#.##...........#
#.#.##...........#
#.#>.+...........#
#.####...........#
#.# ##########..#
#.# ##.# #.# #..
#@# #########. #b#
#......... #.#
#.........
######o###
#.........
#....ooo.#
#.........
#.......>#
##########
#.......o# ####
#.......o.... #...
#.............
#.#.


You could see an orc priest, an orc wizard, 3 orcs and a bat.

Vanquished Creatures
  2 adders (D:2)
  An ooze (D:1)
  A worm (D:2)
  4 dart slugs
  A ball python (D:2)
  4 bats
  2 giant cockroaches
  7 goblins
  6 hobgoblins
  4 jackals (D:3)
  A frilled lizard (D:1)
  2 kobolds
  3 rats
38 creatures vanquished.

Notes
Turn   | Place    | Note
-------+----------+-------------------------------------------
     0 | D:1      | HAL9000 the Vine Stalker Enchanter began the quest for the Orb.
     0 | D:1      | Reached XP level 1. HP: 9/9 MP: 4/4
    28 | D:1      | Reached skill level 1 in Short Blades
    68 | D:1      | Reached XP level 2. HP: 13/13 MP: 6/6
   449 | D:1      | Learned a level 2 spell: Ensorcelled Hibernation
   552 | D:1      | Reached XP level 3. HP: 16/16 MP: 7/7
  1000 | D:2      | Learned a level 3 spell: Confuse
  1052 | D:2      | Found a hazy altar of Hepliaklqana.
  1053 | D:2      | Found a shimmering altar of Xom.
  1053 | D:2      | Noticed a thorn hunter
  1058 | D:2      | Noticed a thorn hunter
  1058 | D:2      | Noticed a spectral ugly thing
  1441 | D:2      | Gained mutation: Your natural rate of healing is unusually fast. [Vine Stalker growth]
  1441 | D:2      | Reached XP level 4. HP: 11/21 MP: 0/8
  1490 | D:2      | Reached skill level 4 in Hexes
  1854 | D:3      | Killed from afar by an orc priest

Vault maps used:
D:1:      elethiomel_arrival_quiet
D:2:      regret_index_temple_of_mockery, feat_on_display
D:3:      first_bread, uniq_crazy_yiuf_cottage

Skill      XL: |  1  2  3  4 |
---------------+-------------+-----
Short Blades   | 1 2 |  2.5
Hexes          | 4 |  4.1
Dodging        | |  1.5
Stealth        | |  3.6
Spellcasting   | |  2.1

Action                   |  1- 3 |  4- 6 || total
-------------------------+-------+-------++-------
Melee: Dagger            |    72 |    28 ||   100
       Bite              |     9 |     6 ||    15
 Cast: Ensorcelled Hiber |     8 |       ||     8
       Confuse           |     1 |       ||     1
  Use: Potion            |     1 |       ||     1
 Stab: Sleeping          |     9 |       ||     9
       Confused          |     1 |       ||     1
  Eat: Chunk             |     3 |     1 ||     4
Armor: Robe              |    22 |    17 ||    39
Dodge: Dodged            |    40 |    27 ||    67
